 Dungeon Crawl Stone Soup version 0.27.1-3-gb3d3a73c9e (webtiles) character file.

Game seed: 14007385515537966081

53952 TheGamechu the Grappler (level 14, -8/114 HPs)
             Began as a Troll Monk on Oct 14, 2021.
             Was a High Priest of Yredelemnul.
             Killed by divine providence
             ... invoked by a smoke demon
              (9 damage)
             ... on level 2 of the Abyss on Oct 17, 2021.
             The game lasted 01:44:05 (18271 turns).

TheGamechu the Grappler (Troll Monk)               Turns: 18271, Time: 01:44:07

Health: -8/114     AC:  7    Str: 20 (22) XL:     14   Next: 32%
Magic:  17/17      EV: 11    Int:  6      God:    Yredelemnul [*****.]
Gold:   3093       SH: 11    Dex: 15 (16) Spells: 13/13 levels left

rFire    . . .     SeeInvis .     - Unarmed
rCold    + . .     Faith    .   M - +0 kite shield
rNeg     . . .     Spirit   .   K - +2 robe {Will+}
rPois    +         Reflect  .   (helmet restricted)
rElec    .         Harm     .   m - +0 cloak
rCorr    .         Rampage  .   (gloves unavailable)
Will     ++...                  (boots unavailable)
Stlth    ++........             (no amulet)
HPRegen  1.29/turn              c - ring of protection from cold
MPRegen  0.15/turn              e - ring of poison resistance

@: mighty, about to teleport
A: large, unfitting armour, claws 3, regeneration 1, shaggy fur 1, tough skin 1,
[deterioration 2], [frail 2], [subdued magic 2]
a: Renounce Religion, Recall Undead Slaves, Injury Mirror, Animate Dead, Drain
Life, Enslave Soul


You were on level 2 of the Abyss.
You worshipped Yredelemnul.
Yredelemnul was extremely pleased with you.
You visited 3 branches of the dungeon, and saw 19 of its levels.
You visited the Abyss 1 time.
You also visited: Sewer.

You collected 3218 gold pieces.
You spent 125 gold pieces at shops.

Inventory:

Missiles
 g - 2 curare-tipped darts
 o - 10 boomerangs
 t - 68 poisoned darts
 E - 6 large rocks (quivered)
 N - 2 javelins
Armour
 m - a +0 cloak (worn)
 K - a +2 robe of willpower (worn)
 M - a +0 kite shield (worn)
Jewellery
 b - a ring of positive energy
 c - a ring of protection from cold (left claw)
 e - a ring of poison resistance (right claw)
 p - the ring of Beogh's Hope {rF- rN+ Dex+6 SInv}
   (You found it on level 4 of the Dungeon)

   [ring of dexterity]

   Dex:       It affects your dexterity (+6).
   rF:        It makes you vulnerable to fire.
   rN:        It protects you from negative energy.
   SInv:      It lets you see invisible.
 s - a ring of fire
 C - a ring of ice
 D - a ring of resist corrosion
 P - an amulet of faith
Wands
 a - a wand of iceblast (24)
 q - a wand of paralysis (5)
 r - a wand of flame (73)
 y - a wand of mindburst (7)
 O - a wand of polymorph (25)
 S - a wand of acid (5)
Scrolls
 d - a scroll of teleportation
 k - 2 scrolls of amnesia
 n - 4 scrolls of magic mapping
 v - 8 scrolls of enchant armour
 w - a scroll of fog
 x - 2 scrolls of fear
 I - 2 scrolls of blinking
 J - a scroll of identify
 L - a scroll of summoning
Potions
 f - a potion of might
 h - 4 potions of curing
 i - 2 potions of cancellation {unknown}
 j - 5 potions of magic
 l - 2 potions of flight {unknown}
 u - 5 potions of haste
 z - a potion of mutation {unknown}
 A - 5 potions of invisibility
 B - a potion of ambrosia {unknown}
 F - 2 potions of lignification {unknown}
 G - 4 potions of resistance {unknown}
Miscellaneous
 R - a box of beasts


   Skills:
 + Level 10.1 Fighting
 + Level 10.5 Throwing
 * Level 4.7 Dodging
 - Level 1.0 Stealth
 - Level 9.0 Shields
 + Level 14.4 Unarmed Combat
 + Level 6.0 Invocations


You had 13 spell levels left.
You didn't know any spells.
Your spell library contained the following spells:

 Spells                   Type           Power      Damage    Failure   Level
 Animate Skeleton         Necr           0%         N/A       36%         1
 Pain                     Necr           0%         1d4       36%         1
 Sting                    Tmut/Pois      0%         1d3       36%         1
 Summon Small Mammal      Summ           0%         N/A       36%         1
 Blink                    Tloc           N/A        N/A       50%         2
 Passwall                 Tmut/Erth      0%         N/A       50%         2
 Call Canine Familiar     Summ           0%         N/A       77%         3
 Conjure Flame            Conj/Fire      0%         6-21      77%         3
 Dazzling Flash           Conj/Hex       0%         N/A       77%         3
 Ignite Poison            Fire/Tmut/Pois 0%         N/A       77%         3
 Stone Arrow              Conj/Erth      0%         3d7       77%         3
 Summon Guardian Golem    Hex/Summ       0%         N/A       77%         3
 Vampiric Draining        Necr           0%         2d6       77%         3
 Iskenderun's Mystic Bla  Conj/Tloc      0%         2d3       99%         4
 Petrify                  Tmut/Erth      0%         N/A       99%         4
 Sticky Flame             Conj/Fire      0%         2d3       99%         4
 Bolt of Magma            Conj/Fire/Erth 0%         4d4       100%        5
 Manifold Assault         Tloc           0%         N/A       100%        5
 Metabolic Englaciation   Hex/Ice        0%         N/A       100%        5
 Simulacrum               Ice/Necr       0%         N/A       100%        6
 Starburst                Conj/Fire      0%         6d3       100%        6
 Statue Form              Tmut/Erth      0%         N/A       100%        6
 Storm Form               Tmut/Air       0%         N/A       100%        7
 Shatter                  Erth           0%         3d5*      100%        9


Dungeon Overview and Level Annotations

Branches:
Dungeon (12/15)            Temple (1/1) D:5            Lair (6/6) D:8
 Shoals (0/4) Lair:4        Snake (0/4) Lair:3        Slime (0/5) Lair:6
    Orc (0/2) D:12          Sewer (visited)

Altars:
Ashenzari
Cheibriados
Dithmenos
Elyvilon
Fedhas
Gozag
Hepliaklqana
Kikubaaqudgha
Makhleb
Nemelex Xobeh
Okawaru
Qazlal
Ru
Sif Muna
Trog
Uskayaw
Vehumet
Wu Jian
Xom
Yredelemnul
Zin
The Shining One
Jiyva

Shops:
D:3 [

Portals:
Abyss: Lair:6

Annotations:
D:10 exclusion: oklob plant
Lair:1 3 runed translucent doors, exclusion: oklob plant, IBeShadow's ghost, journeyman FoHu
Lair:6 2 transporters, Gutyqen's ghost, journeyman TeMo


Innate Abilities, Weirdness & Mutations

You are too large for most types of armour.
You have claws for hands.
Your natural rate of healing is unusually fast.
You are covered in fur. (AC +1)
You have tough skin. (AC +1)
[Your body often deteriorates upon taking damage.]
[You are very frail. (-20% HP)]
[Your spells are easier to cast, but less powerful.]


Message History

A large abomination comes into view.
The will-o-the-wisp gestures.
The will-o-the-wisp conjures some foxfire! 2 foxfires come into view.
You throw a large rock. The large rock hits the smoke demon!!
The smoke demon is heavily wounded.
The foxfire hits you!!
Your body deteriorates!
You feel clumsy. The foxfire hits you!!
* * * LOW HITPOINT WARNING * * *
Your phantasmal warrior hits the smoke demon!
The smoke demon gestures at you. The sticky flame hits you.
You are covered in liquid flames!
* * * LOW HITPOINT WARNING * * *
Your phantasmal warrior hits the smoke demon but does no damage.
You are covered in liquid flames!
* * * LOW HITPOINT WARNING * * *
The will-o-the-wisp gestures.
The will-o-the-wisp conjures some foxfire!
The smoke demon hits your phantasmal warrior!
The smoke demon hits your phantasmal warrior but does no damage. x2
Your phantasmal warrior barely misses the smoke demon. 2 foxfires come into view.
Okay, then.
As you read the scroll of teleportation, it crumbles to dust.
You feel strangely unstable.
You feel the power of the Abyss delaying your translocation!
You are covered in liquid flames!
* * * LOW HITPOINT WARNING * * *
You are no longer on fire.
The foxfire hits you!
* * * LOW HITPOINT WARNING * * *
Your body deteriorates!
You feel weakened.
The will-o-the-wisp gestures.
The will-o-the-wisp conjures some foxfire!
The smoke demon gestures at you. Something smites you!
You die...
Your body rises from the dead as a mindless zombie.

#. .# . .. .# .#
### .## #.§# .
####3###vX#≈ #
.#####.#W.§§§v≈≈≈
##†.#.#§..@§#§#.###
##†##.###.##..#
#..).####.# .##
##.#..# .## .#
.#.## #. ## #..#.#
.## #.#.#.##. .
#..####. # . #


You could see a large abomination, a will-o-the-wisp, a smoke demon (ally
target) and a friendly phantasmal warrior.

Vanquished Creatures
  A deep elf elementalist (Abyss:2)
  A very ugly thing (Abyss:2)
  Nessos (Lair:5)
  2 boulder beetles
  3 hydras
  A centaur warrior (D:12)
  A two-headed ogre (D:11)
  4 death yaks (Lair:2)
  3 thrashing horrors (Abyss:2)
  Sonja (Lair:5)
  A skeletal warrior (D:11)
  A wretched star (Abyss:2)
  A sixfirhy (Abyss:2)
  A spatial maelstrom (Abyss:2)
  An oklob plant (Lair:5)
  The ghost of Icepheonix32 the Caller, a novice DsSu of Qazlal (D:7)
  A cyclops (D:11)
  2 black mambas (Lair:3)
  6 elephants
  A smoke demon (Abyss:2)
  3 cane toads
  A gargoyle (D:11)
  4 molten gargoyles (D:9)
  A torpor snail (Lair:3)
  4 unseen horrors
  2 orange demons (Abyss:2)
  8 rime drakes
  A freezing wraith (D:11)
  6 komodo dragons
  An ancient zyme (Abyss:2)
  A polar bear (Lair:3)
  A troll (D:11)
  A hornet (Lair:6)
  2 slime creatures
  2 raiju (Abyss:2)
  6 blink frogs
  A snapping turtle (Lair:4)
  3 dream sheep
  Prince Ribbit (D:6)
  A large abomination (Abyss:2)
  A spriggan (Lair:3)
  7 wyverns
  25 yaks
  2 vampires
  2 shadows
  The ghost of mrw3rdna the Covered, an amateur MiFi of Gozag (D:4)
  2 wraiths
  A steam dragon (D:6)
  Menkaure (D:6)
  9 basilisks
  5 vampire mosquitoes (D:10)
  A warg (D:12)
  A small abomination (Abyss:2)
  2 nagas (Lair:3)
  12 water moccasins
  4 black bears
  4 orc warriors
  2 necrophages
  26 wolves
  4 centaurs
  5 ogres
  A phantom (D:5)
  2 kobold brigands
  Blork the orc (D:6)
  2 gnoll sergeants
  10 bullfrogs
  2 scorpions
  An oklob sapling (D:10)
  9 killer bees
  An electric eel (Lair:4)
  2 centaur zombies
  A bullfrog zombie (D:6)
  8 jellies
  3 quasits (D:4)
  5 orc priests
  3 hounds
  3 centaur skeletons
  2 gnoll shamans
  Crazy Yiuf (D:2)
  2 scorpion zombies (D:5)
  8 orc wizards
  5 hell rats (Lair:4)
  A statue (D:10)
  A hound zombie (D:5)
  2 howler monkey zombies
  2 howler monkey skeletons (D:6)
  20 gnolls
  14 adders
  3 river rats (Sewer)
  2 adder skeletons
  2 worms
  3 dart slugs
  33 orcs
  5 bats
  21 endoplasms
  7 giant cockroaches
  4 hobgoblins
  7 jackals
  4 quokkas
  24 ball pythons
  6 frilled lizards
  7 goblins
  18 kobolds
  An orc zombie (D:10)
  29 rats
  A lurking horror (Abyss:2)
490 creatures vanquished.

Vanquished Creatures (collateral kills)
  3 hydras
  2 boulder beetles
  2 death yaks (Lair:2)
  An elephant (Lair:3)
  A black mamba (shapeshifter) (Abyss:2)
  3 cane toads
  3 black mambas
  3 komodo dragons
  A rime drake (Lair:5)
  A troll (D:10)
  2 blink frogs (Lair:5)
  5 dream sheep (Lair:5)
  A ynoxinul (Abyss:2)
  2 wyverns (Lair:4)
  A vampire (D:10)
  A spriggan (Lair:3)
  6 yaks
  4 basilisks
  A naga (Lair:3)
  An acid dragon (D:11)
  A large abomination (Abyss:2)
  A water moccasin (D:6)
  An orc warrior (D:8)
  A small abomination (Abyss:2)
  2 wolves
  A centaur (D:9)
  A bullfrog (D:8)
  A gnoll sergeant (D:8)
  A killer bee (D:11)
  2 centaur zombies
  A hound (shapeshifter) (Abyss:2)
  A jelly (Lair:1)
  An iron imp (Abyss:2)
  A gnoll shaman (D:9)
  An iguana (D:6)
  An orc wizard (D:10)
  A hell rat (Lair:4)
  6 gnolls
  An adder (D:10)
  A white imp (D:6)
  7 orcs
  2 endoplasms (Lair:1)
  2 kobolds (D:9)
  A ball python (D:10)
  A bush (Lair:6)
84 creatures vanquished.

Vanquished Creatures (others)
  A phantasmal warrior (Abyss:2)
  A vampire (Lair:3)
  6 flying skulls
  A wraith (Lair:2)
  3 wights
  An orc wizard (D:6)
  A cane toad zombie (Lair:3)
  A hydra zombie (Lair:5)
  3 elephant zombies (Lair:3)
  A snapping turtle zombie (Lair:4)
  A black mamba zombie (Lair:6)
  A vampire mosquito zombie (D:10)
  A torpor snail zombie (Lair:3)
  14 wolf zombies
  6 blink frog zombies
  2 dream sheep zombies (Lair:3)
  A komodo dragon zombie (Lair:4)
  A spriggan zombie (Lair:3)
  2 water moccasin zombies
  A cyclops zombie (D:11)
  An acid dragon zombie (D:11)
  A human zombie (D:6)
  An ogre zombie (D:6)
  A troll zombie (D:10)
  12 yak zombies
  An adder zombie (D:10)
  2 ball python zombies (D:10)
  2 basilisk zombies (Lair:3)
  4 bullfrog zombies
  A centaur zombie (D:8)
  An electric eel zombie (Lair:4)
  8 gnoll zombies
  A hell rat zombie (Lair:4)
  An iguana zombie (D:6)
  2 killer bee zombies (D:9)
  4 kobold zombies
  2 naga zombies (Lair:3)
  11 orc zombies
  A scorpion zombie (D:6)
  2 wyvern zombies
  5 demonic plants (Abyss:2)
  3 foxfires (Abyss:2)
  63 fungi
  138 plants
317 creatures vanquished.

Grand Total: 891 creatures vanquished

Notes
Turn   | Place    | Note
-------+----------+-------------------------------------------
     0 | D:1      | TheGamechu the Troll Monk began the quest for the Orb.
     0 | D:1      | Reached XP level 1. HP: 22/22 MP: 0/0
    63 | D:1      | Reached XP level 2. HP: 24/29 MP: 1/1
   265 | D:1      | Reached skill level 4 in Unarmed Combat
   350 | D:1      | Reached XP level 3. HP: 35/36 MP: 2/2
   830 | D:2      | Found a runed translucent door.
   831 | D:2      | Noticed Crazy Yiuf
   934 | D:2      | Reached XP level 4. HP: 42/44 MP: 3/3
   937 | D:2      | Reached skill level 5 in Unarmed Combat
  1534 | D:2      | Killed Crazy Yiuf
  1535 | D:2      | Reached XP level 5. HP: 17/50 MP: 4/4
  1623 | D:2      | Reached skill level 6 in Unarmed Combat
  1651 | D:3      | Found Papsumat's Antique Armour Emporium.
  1708 | D:3      | Bought a crude robe for 125 gold pieces
  1708 | D:3      | Identified the +1 robe of Shadows and Fog {Contam *Slow
                  | rPois Regen+} (You bought it in a shop on level 3 of the
                  | Dungeon)
  1722 | D:3      | You fall into a shaft and drop 1 floor!
  1722 | D:4      | Found a transporter.
  1742 | D:4      | Noticed an ogre
  1748 | D:4      | Killed an ogre
  1749 | D:4      | Reached XP level 6. HP: 59/59 MP: 5/5
  1831 | D:3      | Found a shadowy altar of Dithmenos.
  1900 | D:3      | Found a faded altar of an unknown god.
  2197 | D:3      | Found a glowing drain.
  2214 | Sewer    | Entered a sewer
  2269 | Sewer    | Reached skill level 7 in Unarmed Combat
  2454 | Sewer    | Reached skill level 8 in Unarmed Combat
  2454 | Sewer    | Reached XP level 7. HP: 51/66 MP: 6/6
  2593 | D:4      | Found an opulent altar of Gozag.
  2640 | D:4      | Found a transporter.
  2651 | D:4      | Noticed mrw3rdna's ghost (amateur MiFi)
  2652 | D:4      | Identified the ring of Beogh's Hope {rF- rN+ Dex+6 SInv}
  2678 | D:4      | Killed mrw3rdna's ghost
  2701 | D:4      | Reached skill level 9 in Unarmed Combat
  2760 | D:4      | Found a hide-covered altar of Uskayaw.
  2942 | D:5      | Entered Level 5 of the Dungeon
  3073 | D:5      | Reached XP level 8. HP: 71/74 MP: 7/7
  3088 | D:5      | Found a staircase to the Ecumenical Temple.
  3116 | Temple   | Entered the Ecumenical Temple
  3339 | Temple   | Became a worshipper of Yredelemnul the Dark
  3339 | Temple   | Reached * piety under Yredelemnul
  3339 | Temple   | Reached ** piety under Yredelemnul
  3417 | D:5      | Reached skill level 10 in Unarmed Combat
  3617 | D:5      | Reached skill level 1 in Throwing
  3617 | D:5      | Reached skill level 1 in Invocations
  4080 | D:6      | Noticed Prince Ribbit
  4119 | D:6      | Killed Prince Ribbit
  4278 | D:6      | Noticed Blork the orc
  4286 | D:6      | Killed Blork the orc
  4416 | D:6      | Reached XP level 9. HP: 69/84 MP: 10/10
  4490 | D:6      | Noticed Menkaure
  4492 | D:6      | Killed Menkaure
  4493 | D:6      | Noticed a komodo dragon
  4498 | D:6      | Your ally Blork died
  4498 | D:6      | Your ally Prince Ribbit died
  4549 | D:6      | Killed a komodo dragon
  4782 | D:7      | Reached *** piety under Yredelemnul
  4869 | D:7      | Found a blossoming altar of Fedhas.
  4973 | D:7      | Found an ornate altar of the Wu Jian Council.
  5068 | D:7      | Found a runed translucent door.
  5069 | D:7      | Noticed Icepheonix32's ghost (novice DsSu)
  5088 | D:7      | Killed Icepheonix32's ghost
  5089 | D:7      | Reached skill level 5 in Fighting
  5089 | D:7      | Reached skill level 11 in Unarmed Combat
  5590 | D:7      | Identified the +5 triple crossbow of the Ass {penet, Str+3}
  5695 | D:8      | Received a gift from Yredelemnul (4 flying skulls)
  5696 | D:8      | Reached XP level 10. HP: 74/96 MP: 12/12
  6235 | D:8      | Found a staircase to the Lair.
  6235 | D:8      | Noticed an elephant
  6239 | D:8      | Reached skill level 5 in Throwing
  6239 | D:8      | Reached skill level 5 in Invocations
  6257 | D:8      | Killed an elephant
  6413 | D:9      | Noticed a molten gargoyle
  6425 | D:9      | Killed a molten gargoyle
  6450 | D:9      | Noticed a molten gargoyle
  6569 | D:9      | Reached **** piety under Yredelemnul
  6650 | D:9      | Noticed a molten gargoyle
  6660 | D:9      | Killed a molten gargoyle
  6660 | D:9      | Received a gift from Yredelemnul (2 flying skulls)
  6705 | D:9      | Noticed a molten gargoyle
  6718 | D:9      | Killed a molten gargoyle
  6778 | D:9      | Killed a molten gargoyle
  6823 | D:10     | Entered Level 10 of the Dungeon
  7687 | D:10     | Reached skill level 1 in Shields
  7915 | D:10     | Noticed a boulder beetle
  7920 | D:10     | HP: 5/100 [boulder beetle (28)]
  8091 | D:10     | Reached XP level 11. HP: 107/107 MP: 14/14
  8295 | D:10     | Received a gift from Yredelemnul (a wight)
  8429 | D:10     | Killed a boulder beetle
  8430 | D:10     | Reached skill level 12 in Unarmed Combat
  8503 | D:10     | Found a radiant altar of Vehumet.
  8829 | D:10     | Noticed an oklob plant
  8935 | D:11     | Noticed a two-headed ogre
  8943 | D:11     | Killed a two-headed ogre
  9090 | D:11     | Received a gift from Yredelemnul (a wight)
  9193 | D:11     | Noticed a boulder beetle
  9206 | D:11     | Killed a boulder beetle
  9637 | Lair:1   | Entered Level 1 of the Lair of Beasts
  9717 | Lair:1   | Received a gift from Yredelemnul (a wight)
  9955 | Lair:1   | Reached skill level 5 in Shields
 10087 | Lair:1   | Found a runed translucent gate.
 10087 | Lair:1   | Found a runed translucent gate.
 10087 | Lair:1   | Found a runed translucent gate.
 10093 | Lair:1   | Noticed IBeShadow's ghost (journeyman FoHu)
 10111 | Lair:1   | Identified 2 scrolls of acquirement
 10111 | Lair:1   | Acquired 1287 gold pieces
 10112 | Lair:1   | Acquired 584 gold pieces
 10124 | Lair:1   | Noticed an oklob plant
 10706 | D:12     | Noticed a centaur warrior
 10718 | D:12     | Killed a centaur warrior
 10719 | D:12     | Reached XP level 12. HP: 118/118 MP: 13/15
 10840 | D:12     | Identified the +7 dagger "Qigroery" {speed, rC+ Dex+3}
 10870 | D:12     | HP: 4/119 [orc warrior (22)]
 10935 | D:12     | Noticed a death knight
 10969 | D:12     | Found a staircase to the Orcish Mines.
 11403 | Lair:2   | Received a gift from Yredelemnul (a wraith)
 11703 | Lair:2   | Noticed a death yak
 11706 | Lair:2   | Noticed a death yak
 11707 | Lair:2   | Noticed a death yak
 11707 | Lair:2   | Noticed a death yak
 11715 | Lair:2   | Killed a death yak
 11739 | Lair:2   | Killed a death yak
 11740 | Lair:2   | Reached skill level 13 in Unarmed Combat
 11771 | Lair:2   | Killed a death yak
 12006 | Lair:2   | Killed a death yak
 12095 | Lair:2   | Noticed an eight-headed hydra
 12103 | Lair:2   | Killed an eight-headed hydra
 12777 | Lair:3   | Noticed a six-headed hydra
 12778 | Lair:3   | Noticed a boulder beetle
 12836 | Lair:3   | Noticed a death yak
 12837 | Lair:3   | Noticed a death yak
 12850 | Lair:3   | Noticed a death yak
 12851 | Lair:3   | Noticed a death yak
 12851 | Lair:3   | Noticed a death yak
 12860 | Lair:2   | Killed a death yak
 12904 | Lair:2   | Killed a death yak
 13105 | Lair:3   | Found a staircase to the Snake Pit.
 13155 | Lair:3   | Reached XP level 13. HP: 91/128 MP: 16/16
 13572 | Lair:3   | Found a shimmering altar of Xom.
 13726 | Lair:3   | Received a gift from Yredelemnul (a vampire)
 14590 | Lair:4   | Found a staircase to the Shoals.
 15448 | Lair:4   | Received a gift from Yredelemnul (a phantasmal warrior)
 15997 | Lair:5   | Reached ***** piety under Yredelemnul
 16146 | Lair:5   | Noticed Sonja
 16155 | Lair:5   | Killed Sonja
 16156 | Lair:5   | Reached skill level 14 in Unarmed Combat
 16485 | Lair:5   | Noticed Nessos
 16494 | Lair:5   | Killed Nessos
 16495 | Lair:5   | Reached skill level 10 in Throwing
 16685 | Lair:5   | Received a gift from Yredelemnul (a vampire)
 16700 | Lair:5   | Reached XP level 14. HP: 138/141 MP: 17/17
 17216 | Lair:6   | Entered Level 6 of the Lair of Beasts
 17267 | Lair:6   | Noticed Gutyqen's ghost (journeyman TeMo)
 17282 | Lair:6   | Found a one-way gate to the infinite horrors of the Abyss.
 17287 | Lair:6   | Found a transporter.
 17320 | Lair:6   | Found a transporter.
 17535 | Lair:6   | Got the Grimoire of Unstable Cold
 17708 | Lair:6   | Found a viscous altar of Jiyva.
 17708 | Lair:6   | Found a staircase to the Slime Pits.
 17767 | Lair:6   | Cast into level 2 of the Abyss (spriggan rider)
 17771 | Abyss:2  | Found a corrupted altar of Lugonu.
 17811 | Abyss:2  | Noticed a starcursed mass
 17827 | Abyss:2  | Found a viscous altar of Jiyva.
 18032 | Abyss:2  | Received a gift from Yredelemnul (a phantasmal warrior)
 18103 | Abyss:2  | Reached skill level 10 in Fighting
 18202 | Abyss:2  | Noticed a deep elf elementalist
 18212 | Abyss:2  | Killed a deep elf elementalist
 18233 | Abyss:2  | Noticed a cyan very ugly thing
 18240 | Abyss:2  | Killed a cyan very ugly thing
 18240 | Abyss:2  | Received a gift from Yredelemnul (a phantasmal warrior)
 18271 | Abyss:2  | HP: 1/114 [will-o-the-wisp/foxfire (16)]
 18271 | Abyss:2  | Killed from afar by a smoke demon

Illustrated notes

Levels and vault maps discovered:
D:1:      lightli_molten_gateway, layout_rooms, serial_bayou_ford_a,
          amcnicky_mini_rare_corridor_liquid
D:2:      layout_basic, ebering_dispersal_statue_hall,
          chequers_serial_rivers_micro_b, uniq_crazy_yiuf_cottage
D:3:      layout_rooms, mainiacjoe_overflow_small_starburst,
          ebering_ecumenical_altar_box, serial_shops,
          nicolae_shop_competitors_out_of_business, portal_sewer_entry_b
D:4:      layout_cave_pools, mainiacjoe_overflow_alcove_2,
          mainiacjoe_overflow_tiny_flanked, gammafunk_ghost_stat_death
D:5:      layout_loops_ring, minmay_temple_entry_statues_pillars,
          corexii_hall_statues_x, kennysheep_generic_room_6
D:6:      layout_rooms, kennysheep_dice, uniq_prince_ribbit1, uniq_menkaure,
          uniq_blork_the_orc
D:7:      layout_loops_cross, fedhas_bush_and_centaur_altar,
          mainiacjoe_overflow_boulevard, gammafunk_ghost_grave,
          chequers_serial_rivers_micro_a
D:8:      layout_basic, david_lair_generic
D:9:      layout_gridville, hangedman_decor_clover_reticule, minivault_8
D:10:     minmay_skewed_foursquare, layout_irregular_city, vehumet_statue,
          serial_park_tiny_2, kennysheep_small_spiral, introduction_to_nature_2
D:11:     layout_cross
D:12:     layout_loops_corners, erik_orc_4, grunt_decor_one_mirror,
          beargit_elvish_explorers
Temple:   eino_temple_scatter_basement
Lair:1:   lemuel_slime, layout_long_grid, gammafunk_ghost_necromancy,
          lemuel_fruit_tree, grunt_megastairs_3, minmay_lair_oklob_chamber
Lair:2:   layout_layer_cave
Lair:3:   wad_woods_stonehenge, layout_cave_pods, guppyfry_snake_entry_garden,
          grunt_megastairs_2, serial_bayou_shore_b
Lair:4:   layout_layer_cave, minmay_shoals_entry_hut, special_room
          [special_room_mythical_zoo]
Lair:5:   layout_layer_cave, grunt_megastairs_1, uniq_nessos, uniq_sonja
Lair:6:   minmay_lair_end_enchanted_forest, layout_loops_ring, slime_altar_1,
          gammafunk_ghost_abyssal_escape, chequers_serial_rivers_micro_e,
          minmay_stone_trees_large
Abyss:2:  base: D:15, evilmike_abyss_exit_plants

Skill      XL: |  1  2  3  4  5  6  7  8  9 10 11 12 13 14 |
---------------+-------------------------------------------+-----
Unarmed Combat | 4 5 6 8 9 10 11 12 13 14 | 14.4
Throwing       | 2 4 6 7 8 10 | 10.5
Invocations    | 2 4 6 |  6.0
Fighting       | 3 5 6 7 8 9 10 | 10.1
Shields        | 1 5 7 9 |  9.0
Dodging        | 3 4 |  4.7
Stealth        | |  1.0

Action                   |  1- 3 |  4- 6 |  7- 9 | 10-12 | 13-15 || total
-------------------------+-------+-------+-------+-------+-------++-------
Melee: Unarmed           |   102 |   136 |   283 |   637 |   410 ||  1568
       Punch             |       |     4 |    10 |     8 |       ||    22
Throw: Stone             |       |     2 |       |       |       ||     2
       Large rock        |       |       |     8 |    16 |    12 ||    36
       Dart              |       |       |     2 |     2 |       ||     4
       Boomerang         |       |       |       |    63 |    59 ||   122
       Throwing net      |       |       |       |     3 |     1 ||     4
       Javelin           |       |       |       |       |     2 ||     2
Invok: Animate Remains   |       |       |    12 |     2 |       ||    14
       Recall Undead Sla |       |       |     2 |     6 |     3 ||    11
       Animate Dead      |       |       |     6 |    48 |    33 ||    87
       Injury Mirror     |       |       |       |     3 |     1 ||     4
Evoke: Wand              |       |       |       |     2 |     2 ||     4
  Use: Scroll            |     1 |     2 |     8 |    12 |     3 ||    26
       Potion            |       |       |     3 |     6 |     3 ||    12
 Stab: Sleeping          |     1 |     4 |     1 |     2 |       ||     8
       Distracted        |       |       |       |     3 |     6 ||     9
       Held in net/web   |       |       |       |     1 |       ||     1
       Paralysed         |       |       |       |       |     2 ||     2
       Invisible         |       |       |       |       |     2 ||     2
Armor: Robe              |    33 |    64 |   205 |   203 |    62 ||   567
Dodge: Dodged            |    42 |    86 |   234 |   299 |   133 ||   794
Block: Kite shield       |       |       |       |   284 |   192 ||   476
